 Dungeon Sprint DCSS version 0.21-a0-338-g36cf2fc (webtiles) character file.

1286 Kidiri the Fighter (level 8, -25/82 HPs)
             Began as a Yellow Draconian Berserker on Oct 3, 2017.
             Was an Elder of Trog.
             Annihilated by Snorg (28 damage)
             ... in the Dungeon (Sprint III: "The Ten Rune Challenge").
             The game lasted 00:03:39 (848 turns).

Kidiri the Fighter (Yellow Draconian Berserker)      Turns: 848, Time: 00:03:39

Health: -25/82     AC:  6    Str: 23    XL:     8   Next: 30%
Magic:  8/8        EV: 16    Int:  7    God:    Trog [****..]
Gold:   22         SH:  0    Dex: 10    Spells: 7/7 levels left

rFire    . . .     SeeInvis .   a - +0 hand axe
rCold    . . .     Gourm    .   (no shield)
rNeg     . . .     Faith    .   (armour unavailable)
rPois    .         Spirit   .   (helmet restricted)
rElec    .         Reflect  .   (no cloak)
rCorr    +         Harm     .   (no gloves)
MR       .....     NoTele   +   (no boots)
Stlth    +.........             (no amulet)
HPRegen  0.23/turn              (no ring)
MPRegen  0.11/turn              (no ring)

@: berserk cooldown, very slightly contaminated, hasted and slowed
A: spit acid, acid resistance, unfitting armour, antennae 1, talons 1, mutation
resistance 1, cold-blooded, AC +6
a: Breathe Acid, Berserk, Trog's Hand, Brothers in Arms, Burn Spellbooks,
Renounce Religion


You were in the Dungeon.
You worshipped Trog.
Trog was greatly pleased with you.
You were very hungry.

You visited 1 branch You collected 22 gold pieces.

Inventory:

Hand Weapons
 a - a +0 hand axe (weapon)
Wands
 i - a wand of clouds (4/9)
Scrolls
 d - a scroll of holy word
 k - 3 scrolls of remove curse
 o - a scroll of torment {unknown}
Potions
 c - a potion of curing
 f - 2 potions of magic
 g - a potion of berserk rage
 m - a potion of lignification
 q - a potion of flight
Comestibles
 b - a bread ration
 j - a chunk of flesh
 l - 2 royal jellies


   Skills:
 * Level 11.2 Fighting
 * Level 10.3 Axes
 + Level 6.5 Throwing
 * Level 9.4 Dodging
 + Level 0.0 Evocations


You had 7 spell levels left.
You didn't know any spells.

Dungeon Overview and Level Annotations

Branches:
Dungeon (1/1)

Altars:
Cheibriados
Dithmenos
Elyvilon
Fedhas
Gozag
Hepliaklqana
Kikubaaqudgha
Makhleb
Nemelex Xobeh
Okawaru
Qazlal
Ru
Sif Muna
Trog
Uskayaw
Vehumet
Wu Jian
Xom
Yredelemnul
Zin
The Shining One
Beogh
Jiyva
Lugonu

Annotations:
D Snorg


Innate Abilities, Weirdness & Mutations

You can spit globs of acid.
You are resistant to acid.
Your golden yellow scales are hard. (AC +6)
You cannot fit into any form of body armour.
You are cold-blooded and may be slowed by cold attacks.
You have a pair of small antennae on your head.
You have sharp toenails.
You are somewhat resistant to further mutation.


Message History

You slash the chaos spawn!
You are no longer berserk.
You are exhausted.
You feel yourself slow down. Snorg barely misses you. Snorg closely misses you.
Snorg barely misses you.
Blink to where?
Press: ? - help, Dir - move target cursor You are very lightly contaminated with residual magic.
As you read the scroll of blinking, it crumbles to dust.
You close the door.
You hear a shout!
Snorg opens the door.
You feel yourself speed up. Snorg bites you!
* * * LOW HITPOINT WARNING * * *
Snorg claws you.
* * * LOW HITPOINT WARNING * * *
Snorg claws you.
* * * LOW HITPOINT WARNING * * *
Snorg bites you!!
You die...

▓▓▓ ▓▓▓ ♣.♣
♣.#############$$## .♣♣♣
♣♣.#___#___#__#$#$$## ...♣
♣..#.).#__.#)_#....o
.≈♣♣♣♣♣.###+#+###+##4o..
≈≈♣...♣.#..........#ooo
≈≈≈♣....'.⌠.....@T.#34#
≈≈≈≈≈♣..#...######'#oo#
≈≈≈≈....#.⌠.#__#...#o#####
≈≈≈.....#...#__#..o#oo≈§≈+
≈.......#+###__#..4#)#§≈≈#
........#[..#__#...o.#§§§#
........#___#__+...#.# .#
▓▓▓▓▓▓▓▓▓▓▓▓▓▓▓▓▓▓▓▓▓▓ ▓ {
{


You could see Snorg (berserk).

Vanquished Creatures
  A deep elf mage (D)
  A shadow (D)
  A spatial vortex (D)
  A necrophage (D)
  A water elemental (D)
  A scorpion (D)
  A jelly (D)
  A wizard (D)
  Jessica (D)
  A necromancer (D)
  3 humans (D)
  A kobold demonologist (D)
  An orc (D)
  3 rats (D)
18 creatures vanquished.

Vanquished Creatures (others)
  2 draconian scorchers (D)
  A yaktaur (D)
  6 hellions (D)
9 creatures vanquished.

Grand Total: 27 creatures vanquished

Notes
Turn   | Place    | Note
-------+----------+-------------------------------------------
     0 | D        | Kidiri the Draconian Berserker began the quest for the Orb.
     0 | D        | Reached XP level 1. HP: 19/19 MP: 1/1
    34 | D        | Noticed Jessica
    37 | D        | Reached ** piety under Trog
    42 | D        | Killed Jessica
    42 | D        | Reached skill level 4 in Fighting
    42 | D        | Reached skill level 1 in Throwing
    42 | D        | Reached XP level 2. HP: 28/28 MP: 2/2
    67 | D        | Killed a hellion
    75 | D        | Killed a hellion
    75 | D        | Killed a hellion
    82 | D        | Killed a hellion
    89 | D        | Killed a hellion
    90 | D        | Noticed a scorpion
   100 | D        | Killed a scorpion
   100 | D        | Reached skill level 5 in Fighting
   100 | D        | Reached skill level 5 in Axes
   100 | D        | Reached XP level 3. HP: 21/37 MP: 3/3
   100 | D        | Reached XP level 4. HP: 25/44 MP: 4/4
   124 | D        | Reached *** piety under Trog
   124 | D        | Reached skill level 6 in Fighting
   124 | D        | Reached skill level 5 in Dodging
   131 | D        | Gained mutation: You have a pair of small antennae on your head. [potion of mutation]
   131 | D        | Gained mutation: You are somewhat resistant to further mutation. [potion of mutation]
   145 | D        | Killed a hellion
   172 | D        | Lost mutation: You are somewhat resistant to further mutation. [potion of mutation]
   172 | D        | Lost mutation: You have a pair of small antennae on your head. [potion of mutation]
   172 | D        | Gained mutation: You have a pair of small horns on your head. [potion of mutation]
   172 | D        | Gained mutation: Your muscles are strong. (Str +2) [potion of mutation]
   172 | D        | Gained mutation: Your flesh is cold resistant. (rC+) [potion of mutation]
   173 | D        | Lost mutation: Your muscles are strong. (Str +2) [potion of mutation]
   173 | D        | Lost mutation: Your flesh is cold resistant. (rC+) [potion of mutation]
   173 | D        | Lost mutation: You have a pair of small horns on your head. [potion of mutation]
   173 | D        | Gained mutation: Your spells are a little harder to cast, but a little more powerful. [potion of mutation]
   173 | D        | Gained mutation: Your large and strong wings let you fly indefinitely. [potion of mutation]
   174 | D        | Lost mutation: Your large and strong wings let you fly indefinitely. [potion of mutation]
   174 | D        | Lost mutation: Your spells are a little harder to cast, but a little more powerful. [potion of mutation]
   174 | D        | Gained mutation: Scrolls take you a little longer to read. [potion of mutation]
   174 | D        | Gained mutation: Your spells are a little easier to cast, but a little less powerful. [potion of mutation]
   174 | D        | Gained mutation: You are agile. (Dex +2) [potion of mutation]
   175 | D        | Lost mutation: Your spells are a little easier to cast, but a little less powerful. [potion of mutation]
   175 | D        | Lost mutation: Scrolls take you a little longer to read. [potion of mutation]
   175 | D        | Gained mutation: You are frail. (-10% HP) [potion of mutation]
   175 | D        | Gained mutation: Scrolls take you a little longer to read. [potion of mutation]
   175 | D        | Gained mutation: You have a pair of small antennae on your head. [potion of mutation]
   176 | D        | Lost mutation: Scrolls take you a little longer to read. [potion of mutation]
   176 | D        | Lost mutation: You are agile. (Dex +2) [potion of mutation]
   176 | D        | Lost mutation: You are frail. (-10% HP) [potion of mutation]
   176 | D        | Gained mutation: You have sharp toenails. [potion of mutation]
   176 | D        | Gained mutation: You are somewhat resistant to further mutation. [potion of mutation]
   200 | D        | Killed a white draconian scorcher
   251 | D        | Killed a white draconian scorcher
   298 | D        | Noticed a water elemental
   302 | D        | Killed a water elemental
   302 | D        | Reached skill level 7 in Fighting
   302 | D        | Reached XP level 5. HP: 52/52 MP: 5/5
   306 | D        | Killed a yaktaur
   358 | D        | Found a radiant altar of Vehumet.
   358 | D        | Found a deep blue altar of Sif Muna.
   358 | D        | Found an ancient bone altar of Kikubaaqudgha.
   361 | D        | Reached **** piety under Trog
   365 | D        | Reached ***** piety under Trog
   365 | D        | Received a gift from Trog
   521 | D        | Found a glowing silver altar of Zin.
   522 | D        | Found a glowing golden altar of the Shining One.
   522 | D        | Found a white marble altar of Elyvilon.
   522 | D        | Noticed a deep elf mage
   528 | D        | Killed a deep elf mage
   528 | D        | Reached skill level 9 in Fighting
   528 | D        | Reached skill level 5 in Throwing
   528 | D        | Reached XP level 6. HP: 64/64 MP: 6/6
   528 | D        | Your scales start taking on a golden yellow colour.
   528 | D        | Reached XP level 7. HP: 70/70 MP: 7/7
   578 | D        | Found an ornate altar of the Wu Jian Council.
   578 | D        | Found a roughly hewn altar of Beogh.
   578 | D        | Found an iron altar of Okawaru.
   578 | D        | Found a bloodstained altar of Trog.
   578 | D        | Found a hide-covered altar of Uskayaw.
   578 | D        | Noticed a human
   579 | D        | Noticed a human
   589 | D        | Killed a human
   589 | D        | Reached skill level 10 in Fighting
   593 | D        | Killed a human
   674 | D        | Found a basalt altar of Yredelemnul.
   674 | D        | Found a shadowy altar of Dithmenos.
   674 | D        | Found a sacrificial altar of Ru.
   703 | D        | Noticed a shadow
   708 | D        | Reached XP level 8. HP: 81/81 MP: 8/8
   712 | D        | Reached skill level 11 in Fighting
   712 | D        | Reached skill level 10 in Axes
   759 | D        | Found a blossoming altar of Fedhas.
   759 | D        | Found a stormy altar of Qazlal.
   760 | D        | Found a snail-covered altar of Cheibriados.
   760 | D        | Found a burning altar of Makhleb.
   760 | D        | Found a hazy altar of Hepliaklqana.
   760 | D        | Found a shimmering altar of Xom.
   760 | D        | Found an opulent altar of Gozag.
   760 | D        | Found a sparkling altar of Nemelex Xobeh.
   760 | D        | Found a corrupted altar of Lugonu.
   760 | D        | Found a viscous altar of Jiyva.
   775 | D        | Received a gift from Trog
   823 | D        | Noticed an orc high priest
   824 | D        | Noticed Snorg
   826 | D        | Noticed an orc knight
   828 | D        | Noticed an orc sorcerer
   830 | D        | Noticed an ice devil
   830 | D        | Noticed an ice devil
   847 | D        | HP: 3/82 [Snorg (3)]
   848 | D        | Annihilated by Snorg

Vault maps used:
D:        dungeon_sprint_mu

Skill      XL: |  1  2  3  4  5  6  7  8 |
---------------+-------------------------+-----
Fighting       | 4 5 7 9 10 11 | 11.2
Axes           | 4 5 6 8 9 10 | 10.3
Throwing       | 1 2 3 5 6 |  6.5
Dodging        | 3 4 5 8 9 |  9.4

Action                   |  1- 3 |  4- 6 |  7- 9 || total
-------------------------+-------+-------+-------++-------
Melee: Hand axe          |    15 |    26 |    45 ||    86
       Tailslap          |     3 |     3 |     4 ||    10
       Kick              |       |     3 |    12 ||    15
Invok: Berserk           |     1 |     4 |     3 ||     8
       Burn Spellbooks   |       |     2 |       ||     2
       Brothers in Arms  |       |     1 |     2 ||     3
 Abil: Breathe Acid      |       |       |     1 ||     1
  Use: Potion            |     1 |     6 |     2 ||     9
       Scroll            |       |     3 |     1 ||     4
  Eat: Fruit             |       |     3 |       ||     3
       Chunk             |       |       |     5 ||     5
Armor: Skin              |     3 |     8 |     2 ||    13
Dodge: Dodged            |     7 |    20 |    31 ||    58

Table legend:
 A = Spawn XP
 B = Non-spawn XP
 C = Spawn XP percentage of total XP
 D = Spawn monster count
 E = Non-spawn monster count
 F = Spawn count percentage of total count
 G = Total turns spent on level
                    A         B        C        D         E        F      G
               +---------+---------+-------+---------+---------+-------+---------
         Total |       0 |    1838 |   0.0 |       0 |      18 |   0.0 |   848
               +---------+---------+-------+---------+---------+-------+---------
             D |       0 |    1838 |   0.0 |       0 |      18 |   0.0 |   848
               +---------+---------+-------+---------+---------+-------+---------
